 Dungeon Crawl Stone Soup version 0.19.0 (webtiles) character file.

568 Buncs the Shooter (level 7, 0/69 HPs)
             Began as a High Elf Hunter on Nov 10, 2016.
             Was a Follower of Okawaru.
             Slain by hyperkramin's ghost (5 damage)
             ... on level 4 of the Dungeon.
             The game lasted 00:26:46 (4437 turns).

Buncs the Shooter (High Elf Hunter)                 Turns: 4437, Time: 00:26:47

Health: 0/69       AC: 23    Str: 12    XL:     7   Next: 11%
Magic:  8/8        EV:  2    Int: 15    God:    Okawaru [*.....]
Gold:   140        SH:  0    Dex: 17    Spells: 0 memorised, 6 levels left

rFire  . . .     SeeInvis .     k - +4 quarterstaff (chaos)
rCold  . . .     Gourm    .     (armour currently unavailable)
rNeg   + + +     Faith    .     (shield currently unavailable)
rPois  +         Spirit   .     (helmet currently unavailable)
rElec  .         Reflect  .     (cloak currently unavailable)
rCorr  .         Harm     .     (gloves currently unavailable)
MR     .....     NoTele   +     (boots currently unavailable)
Stlth  +++.......               (no amulet)
                                (no ring)
                                (no ring)

@: tree-form
A: no striking features
a: Heroism, Renounce Religion


You were on level 4 of the Dungeon.
You worshipped Okawaru.
Okawaru was aware of your devotion.
You were hungry.
You were a tree.
You visited 1 branch of the dungeon, and saw 4 of its levels.

You collected 140 gold pieces.

Inventory:

Hand Weapons
 a - a +2 shortbow
 k - a +4 quarterstaff of chaos (weapon)
 m - a +2 dagger of venom
Missiles
 d - 8 arrows (quivered)
 j - 65 bolts
 p - 26 poisoned needles
Armour
 c - a +1 leather armour (melded)
 e - a +0 pair of gloves (melded)
 l - a +1 cloak (melded)
Scrolls
 b - 3 scrolls of remove curse
 u - a scroll of teleportation
Potions
 i - a potion of mutation {unknown}
 n - a potion of curing
 o - a potion of heal wounds {unknown}
 q - a potion of flight {unknown}
 s - a potion of haste {unknown}
 v - a potion of berserk rage
Comestibles
 f - a royal jelly
 h - a bread ration
 r - a slice of pizza
 t - 2 meat rations


   Skills:
 + Level 3.6 Fighting
 * Level 2.2 Staves
 * Level 7.7 Bows
 - Level 1.7 Armour
 + Level 3.4 Dodging
 + Level 4.1 Stealth


You had 6 spell levels left.
You didn't know any spells.

Dungeon Overview and Level Annotations

Branches:
Dungeon (4/15)
 Temple: D:4-7

Altars:
Okawaru

Annotations:
D:4 hyperkramin's ghost, novice GrNe


Message History

You thump something! You burn something. Something hits you.
* * * LOW HITPOINT WARNING * * *
You hit something but do no damage. Something completely misses you.
You hit something. Something hits you but does no damage.
You hit something.
Your skin glows momentarily.
Something hits you but does no damage.
You hit something but do no damage.
Something hits you but does no damage. x2
You hit something but do no damage. Something hits you but does no damage.
You closely miss something. Something hits you but does no damage.
You sock something! You burn something. Something hits you but does no damage.
You hit something. You burn something. Something hits you.
* * * LOW HITPOINT WARNING * * *
You hit something but do no damage. Something hits you.
* * * LOW HITPOINT WARNING * * *
Something hits you.
* * * LOW HITPOINT WARNING * * *
You hit something but do no damage. Something completely misses you.
You barely miss something. Something hits you but does no damage.
You hit something. Something hits you.
You die...

#.....†.............
#
#...................
#....<..............
#######.......######
#.......# #.......#
#.......###
##........#
#.....♣†.#
#....{...'....
#........#....
#........#....
#........# .##
...######## .... ...


There were no monsters in sight!

Vanquished Creatures
  A bullfrog (D:3)
  A scorpion (D:4)
  A killer bee (D:4)
  Crazy Yiuf (D:3)
  A hound (D:4)
  2 orc wizards
  Natasha (thrice) (D:4)
  3 worker ants (D:4)
  3 adders
  An ooze (D:2)
  6 worms
  2 dart slugs
  2 leopard geckos
  12 orcs
  9 bats
  A giant cockroach (D:4)
  11 goblins
  10 hobgoblins
  9 jackals
  5 kobolds
  2 quokkas
  A ball python (D:4)
  4 frilled lizards
  A leopard gecko skeleton (D:4)
  7 rats
  3 fungi (D:3)
102 creatures vanquished.

Notes
Turn   | Place    | Note
-------+----------+-------------------------------------------
     0 | D:1      | Buncs the High Elf Hunter began the quest for the Orb.
     0 | D:1      | Reached XP level 1. HP: 14/14 MP: 2/2
   148 | D:1      | Reached XP level 2. HP: 19/19 MP: 3/3
   482 | D:1      | Reached XP level 3. HP: 24/24 MP: 4/4
   688 | D:2      | Reached skill level 1 in Armour
  1053 | D:2      | Reached XP level 4. HP: 30/30 MP: 5/5
  1442 | D:2      | Reached skill level 6 in Bows
  1462 | D:2      | Found an iron altar of Okawaru.
  1493 | D:2      | Became a worshipper of Warmaster Okawaru
  2247 | D:3      | Noticed a bullfrog
  2261 | D:3      | Killed a bullfrog
  2261 | D:3      | Reached XP level 5. HP: 13/35 MP: 6/6
  2356 | D:3      | Found a runed door.
  2360 | D:3      | Noticed Crazy Yiuf
  2377 | D:3      | Killed Crazy Yiuf
  3120 | D:4      | Reached * piety under Okawaru
  3120 | D:4      | Reached skill level 1 in Staves
  3120 | D:4      | Reached skill level 7 in Bows
  3120 | D:4      | Reached XP level 6. HP: 42/42 MP: 7/7
  3297 | D:4      | Noticed Natasha
  3314 | D:4      | Killed Natasha
  3917 | D:4      | Noticed Natasha
  3923 | D:4      | Killed Natasha
  3951 | D:4      | Noticed Natasha
  3968 | D:4      | Killed Natasha
  4262 | D:4      | Reached XP level 7. HP: 39/46 MP: 8/8
  4400 | D:4      | Noticed hyperkramin's ghost (novice GrNe)
  4437 | D:4      | Slain by hyperkramin's ghost

Skill      XL: |  1  2  3  4  5  6 |
---------------+-------------------+-----
Stealth        | 2 3 4 |  4.1
Armour         | 1 |  1.7
Bows           | 6 7 |  7.7
Dodging        | 3 |  3.4
Fighting       | 3 |  3.6
Staves         | 1 2 |  2.2

Action                   |  1- 3 |  4- 6 |  7- 9 || total
-------------------------+-------+-------+-------++-------
Melee: Short sword       |    13 |       |       ||    13
       Dagger            |       |    49 |       ||    49
       Quarterstaff      |       |    63 |    32 ||    95
 Fire: Shortbow          |    93 |   126 |       ||   219
Invok: Heroism           |       |       |     1 ||     1
  Use: Scroll            |       |    11 |       ||    11
       Potion            |       |     2 |     1 ||     3
 Stab: Sleeping          |       |     3 |       ||     3
       Distracted        |       |     1 |       ||     1
  Eat: Bread ration      |       |     2 |       ||     2
       Beef jerky        |       |     1 |       ||     1
Armor: Leather armour    |     5 |    25 |     5 ||    35
       Skin              |       |       |    18 ||    18
Dodge: Dodged            |    16 |    72 |     7 ||    95
